Map: Nightscape LE

Players

TIER

  • Race: Terran Terran
  • League: Platinum
  • Spawn Location: 7:00

SoLoVa

  • Race: Protoss Protoss
  • League: Gold
  • Spawn Location: 7:00

Massa - Winner!

  • Race: Terran Terran
  • League: Gold
  • Spawn Location: 1:00

qqq - Winner!

  • Race: Protoss Protoss
  • League: Platinum
  • Spawn Location: 1:00

VOD

Have the link to the VOD?

Description

Time

  • Played on: Aug. 12, 2020, 12:39 p.m.
  • Length: 14:21
Show
View Real Time Build Order
Export as new Build Order

TIER Terran 

Build Orders: 2 Factory, Mech 

Get SALT Encoding   

  12  0:01  SCV  
  13  0:13  SCV  
  14  0:19  Supply Depot  
  14  0:25  SCV  
  15  0:40  SCV  
  15  0:42  Barracks  
  16  0:48  Refinery  
  16  0:55  Refinery  
  16  0:58  SCV  
  17  1:17  SCV  
  18  1:29  SCV  
  19  1:33  Marine  
  20  1:40  Factory  
  20  1:41  SCV  
  21  1:51  Marine  
  21  1:53  SCV  
  23  1:55  Factory  
  23  2:04  Supply Depot  
  23  2:24  Factory Tech Lab  
  23  2:27  SCV  
  24  2:30  Supply Depot  
  24  2:32  Marine  
  25  2:38  Factory Tech Lab  
  25  2:39  SCV  
  26  2:49  Marine  
  26  2:51  SCV  
  26  2:53  Siege Tank  
  30  3:11  Orbital Command  
  30  3:13  Siege Tank  
  33  3:29  Supply Depot  
  33  3:32  Siege Tank  
  35  3:45  Siege Tank  
  38  3:51  Marine  
  39  4:22  Marine  
  39  4:23  SCV  
  41  4:28  Siege Tank x2  
  47  4:44  Marine  
  45  5:02  Marine  
  45  5:04  Siege Tank  
  47  5:28  Siege Tank  
  43  5:36  Command Center  
  43  5:41  SCV  
  43  5:42  Supply Depot  
  44  5:43  Supply Depot  
  44  5:44  Supply Depot x2  
  44  5:47  Factory  
  43  5:53  SCV  
  44  6:05  SCV  
  45  6:16  Siege Tank  
  45  6:17  SCV, Siege Tank  
  49  6:19  Marine  
  50  6:29  SCV  
  51  6:37  Marine  
  51  6:40  Factory Tech Lab  
  51  6:51  Starport  
  51  6:55  Marine  
  52  7:13  Starport, Marine  
  53  7:16  SCV  
  53  7:17  Refinery  
  51  7:22  Refinery  
  51  7:28  SCV  
  46  7:40  SCV  
  47  7:52  SCV  
  48  8:01  Starport  
  49  8:10  Orbital Command  
  49  8:12  SCV  
  48  8:22  Factory Tech Lab  
  48  8:24  SCV  
  48  8:26  Factory Tech Lab  
  48  8:33  Factory Tech Lab  
  48  8:35  Fusion Core  
  48  8:36  SCV  
  49  8:44  Engineering Bay  
  49  8:48  SCV  
  50  9:00  SCV  
  51  9:03  Armory  
  51  9:07  SCV  
  52  9:12  SCV  
  52  9:15  Engineering Bay  
  53  9:19  SCV  
  60  9:24  SCV  
  55  9:31  SCV  
  55  9:37  SCV  
  57  9:43  SCV  
  58  9:49  SCV  
  58  9:50  Thor x3  
  77  9:55  SCV  
  78  10:02  Battlecruiser  
  68  10:15  Missile Turret  
  68  10:16  Missile Turret  
  68  10:21  Battlecruiser  
  74  10:29  Missile Turret x2  
  74  10:32  Missile Turret  
  74  10:34  Missile Turret  
  74  10:43  Thor  
  74  10:48  Hi-Sec Auto Tracking  
  80  11:07  Battlecruiser  
  86  11:23  Terran Vehicle Weapons Level 1  
  86  11:26  Battlecruiser  
  92  11:39  Supply Depot  
  92  11:42  Supply Depot  
  92  11:43  Supply Depot  
  92  11:45  Supply Depot  
  92  11:46  Supply Depot  
  92  12:01  Thor, Supply Depot  
  98  12:06  Battlecruiser  
  98  12:08  Thor  
  110  12:28  Viking  
  112  12:30  Viking  
  114  12:52  Thor  
  114  12:58  Viking  
  122  13:00  Viking  
  124  13:10  Viking  
  126  13:28  Viking  
  126  13:30  Viking  
  130  13:40  Viking  
Show
View Real Time Build Order
Export as new Build Order

SoLoVa Protoss 

Build Orders:  

Get SALT Encoding   

  12  0:00  Probe  
  13  0:12  Probe  
  14  0:17  Pylon  
  14  0:24  Probe  
  15  0:40  Gateway  
  15  0:43  Probe  
  15  0:47  Assimilator  
  16  0:55  Pylon  
  16  0:56  Probe  
  17  1:09  Probe  
  18  1:21  Probe  
  19  1:30  Cybernetics Core  
  19  1:35  Assimilator  
  19  1:38  Probe  
  20  1:50  Probe  
  20  2:02  Gateway  
  20  2:03  Gateway  
  20  2:05  Warp Gate (Chrono Boost)  
  20  2:09  Gateway  
  20  2:14  Stalker  
  22  2:18  Probe  
  23  2:30  Probe  
  23  2:32  Pylon  
  24  2:44  Stalker  
  26  3:07  Stalker x2  
  26  3:08  Stalker  
  32  3:52  Stalker x2  
  32  3:53  Stalker  
  38  4:27  Pylon  
  38  4:29  Pylon  
  38  4:41  Nexus  
  38  4:43  Pylon  
  38  4:45  Assimilator  
  38  4:49  Assimilator  
  38  4:56  Stargate  
  38  5:17  Stalker x2  
  38  5:18  Stalker x2  
  42  5:56  Oracle (Chrono Boost)  
  45  6:07  Probe x2  
  45  6:08  Stalker x3  
  45  6:09  Stalker  
  55  6:19  Probe x2  
  57  6:44  Oracle  
  43  7:13  Zealot x4  
  51  7:29  Gateway  
  51  7:30  Gateway  
  51  7:32  Gateway  
  51  7:35  Gateway  
  51  7:40  Stalker x2  
  51  7:41  Stalker x2  
  59  7:52  Twilight Council  
  59  7:57  Void Ray  
  63  8:05  Probe x2  
  65  8:17  Probe (Chrono Boost)  
  67  8:22  Probe (Chrono Boost)  
  65  8:28  Probe (Chrono Boost)  
  65  8:31  Probe (Chrono Boost)  
  65  8:32  Probe (Chrono Boost)  
  66  8:36  Stalker x3  
  73  8:41  Probe  
  73  8:44  Probe  
  73  8:54  Probe, Stalker x2  
  74  8:56  Probe  
  70  9:06  Probe  
  71  9:15  Probe  
  72  9:18  Probe  
  73  9:27  Probe  
  73  9:30  Probe  
  75  9:35  Stalker  
  77  9:40  Probe  
  78  9:59  Pylon  
  78  10:00  Pylon  
  78  10:02  Pylon  
  78  10:23  Stalker  
  78  10:24  Stalker x4  
  88  10:50  Charge (Chrono Boost)  
  88  10:55  Zealot x3  
  88  10:56  Gateway, Zealot x2  
  98  10:58  Gateway  
  98  11:18  Zealot x2  
  102  11:28  Pylon  
  102  11:29  Pylon  
  102  11:30  Pylon  
  102  11:32  Pylon  
  96  12:04  Zealot x7  
  110  12:26  Zealot x6  
  110  12:27  Zealot  
  124  12:49  Zealot x5  
  134  13:12  Pylon  
  134  13:13  Pylon  
  134  13:14  Pylon  
  134  13:16  Pylon  
  134  13:18  Pylon  
  133  13:36  Pylon  
  133  13:37  Pylon  
  133  13:39  Pylon  
  123  13:41  Pylon  
Show
View Real Time Build Order
Export as new Build Order

Massa Terran - Winner!

Build Orders:  

Get SALT Encoding   

  12  0:01  SCV  
  13  0:14  SCV  
  14  0:26  SCV, Supply Depot  
  15  0:29  Refinery  
  15  0:48  SCV, Barracks  
  16  1:00  SCV  
  17  1:12  SCV  
  18  1:22  Supply Depot  
  18  1:28  SCV  
  19  1:36  Reaper, Barracks  
  20  1:45  SCV, Supply Depot  
  21  1:58  Orbital Command  
  21  2:08  Reaper  
  22  2:20  Factory  
  22  2:23  Marine  
  23  3:13  Bunker  
  23  3:17  SCV  
  24  3:20  Command Center  
  24  3:21  Factory Tech Lab  
  24  3:29  SCV  
  26  3:41  SCV  
  25  3:49  Siege Tank  
  25  3:53  SCV  
  29  4:01  Marine  
  30  4:12  Barracks Tech Lab  
  29  4:19  Marine  
  29  4:22  Siege Tank  
  32  4:32  Marauder  
  32  4:37  Marine  
  35  4:39  Orbital Command, SCV  
  36  4:51  SCV  
  37  4:55  Marine  
  37  5:03  SCV  
  36  5:08  Barracks  
  36  5:10  SCV  
  36  5:12  Marine  
  38  5:16  SCV, Bunker  
  39  5:22  SCV  
  39  5:28  SCV  
  41  5:34  SCV  
  42  5:40  SCV  
  43  5:45  Barracks  
  43  5:47  SCV  
  43  5:49  Barracks  
  44  5:52  SCV  
  44  5:55  Starport  
  44  5:57  Supply Depot x2  
  45  5:59  Refinery, SCV, Supply Depot x3  
  46  6:09  Barracks Tech Lab  
  46  6:18  Marine  
  46  6:19  SCV x2, Siege Tank  
  46  6:21  Supply Depot  
  52  6:29  Marauder  
  52  6:31  SCV x2, Concussive Shells  
  56  6:36  Marine  
  57  6:51  Widow Mine, Marauder  
  59  6:54  Marine  
  60  7:03  Barracks Tech Lab  
  60  7:04  Marine  
  61  7:12  Widow Mine, Marauder, Marine  
  66  7:22  Marine  
  67  7:30  Marine  
  67  7:33  Marauder  
  67  7:36  Medivac  
  72  7:52  Marauder  
  72  7:55  Marauder  
  72  7:58  Refinery  
  76  8:00  Refinery  
  77  8:05  SCV x2  
  77  8:09  Command Center  
  77  8:10  Command Center  
  78  8:15  Supply Depot  
  78  8:16  Supply Depot x2  
  78  8:17  Supply Depot x2  
  78  8:18  Supply Depot  
  78  8:22  Supply Depot  
  78  8:30  Stimpack  
  78  8:36  SCV x2, Marine x2  
  78  8:37  Marauder x2  
  78  8:40  Medivac  
  88  8:48  SCV x2  
  88  8:49  Supply Depot  
  92  8:58  Marauder x2  
  92  9:01  Barracks Reactor  
  95  9:04  Barracks Tech Lab  
  95  9:06  Combat Shield  
  94  9:12  Engineering Bay  
  94  9:17  Armory  
  94  9:19  Marauder, Marine  
  97  9:24  Infernal Pre-Igniter  
  97  9:27  Widow Mine  
  99  9:37  Marine  
  99  9:38  Engineering Bay  
  100  9:40  Marine  
  100  9:41  SCV  
  100  9:42  SCV  
  104  9:48  Widow Mine, Orbital Command  
  105  9:53  SCV  
  105  9:54  SCV  
  105  9:57  Starport  
  107  10:04  Armory  
  107  10:06  SCV x2  
  109  10:18  SCV x2  
  111  10:23  Orbital Command  
  111  10:25  Refinery  
  111  10:30  SCV x2  
  113  10:38  Medivac  
  113  10:39  Medivac  
  113  10:42  SCV x2, Marauder x3  
  125  10:43  Marine x2  
  125  10:46  Barracks  
  127  10:50  Barracks  
  127  10:52  Refinery  
  127  10:55  SCV x3, Orbital Command  
  130  11:01  Marine x2  
  130  11:03  Marauder x2  
  130  11:04  Marauder  
  138  11:06  Terran Infantry Armor Level 1, Terran Infantry Weapons Level 1  
  138  11:07  SCV x3  
  138  11:08  Terran Vehicle And Ship Armor Level 1, Terran Vehicle Weapons Level 1  
  141  11:15  Ghost Academy  
  141  11:19  SCV x3  
  141  11:25  Marauder x3  
  150  11:31  SCV x2, Marine  
  150  11:32  Marine, Command Center  
  154  11:41  Barracks Reactor, Barracks Tech Lab  
  154  11:42  Missile Turret  
  154  11:43  Missile Turret  
  154  11:45  SCV x4  
  154  11:46  Marauder x3  
  164  11:57  SCV x4  
  164  12:01  Supply Depot x2  
  168  12:05  Missile Turret x2  
  168  12:07  Marauder  
  168  12:08  Marauder  
  172  12:17  Factory  
  174  12:22  Marauder  
  174  12:24  Supply Depot  
  174  12:25  Supply Depot  
  174  12:29  Marauder x2  
  178  12:45  Personal Cloaking  
  178  12:49  Supply Depot, Ghost Academy  
  178  12:51  Supply Depot  
  178  13:11  Refinery  
  178  13:13  Refinery x2  
  178  13:15  Refinery, Orbital Command, Supply Depot  
  177  13:58  Marauder  
  177  13:59  Marauder x3, Marine x2  
  177  14:00  Marine x2  
  194  14:04  Factory Tech Lab  
Show
View Real Time Build Order
Export as new Build Order

qqq Protoss - Winner!

Build Orders: 1 Gate Expand, Phoenix Opening, Carriers, Mass Phoenix 

Get SALT Encoding   

  12  0:00  Probe  
  13  0:13  Probe  
  14  0:25  Probe  
  15  0:30  Pylon  
  15  0:41  Pylon  
  15  0:48  Probe, Gateway  
  16  1:00  Probe  
  17  1:12  Probe  
  18  1:24  Probe  
  19  1:25  Nexus  
  19  1:35  Pylon  
  19  1:39  Probe  
  20  1:40  Assimilator  
  20  1:51  Probe  
  21  1:59  Assimilator  
  21  2:03  Cybernetics Core  
  21  2:07  Probe  
  22  2:19  Probe  
  23  2:30  Zealot  
  23  2:31  Probe  
  26  2:43  Probe  
  27  2:48  Stargate  
  27  2:56  Probe  
  28  2:59  Adept  
  28  3:01  Probe  
  31  3:08  Probe  
  32  3:13  Probe  
  32  3:19  Stargate  
  33  3:20  Probe  
  33  3:25  Probe  
  35  3:28  Assimilator  
  35  3:29  Adept  
  35  3:32  Probe, Assimilator  
  38  3:37  Probe  
  39  3:41  Phoenix  
  39  3:44  Probe  
  42  3:49  Probe  
  43  3:56  Probe  
  43  4:01  Probe  
  45  4:08  Probe, Phoenix  
  48  4:12  Phoenix  
  48  4:13  Probe  
  52  4:25  Probe  
  52  4:33  Phoenix  
  52  4:35  Pylon  
  54  4:46  Pylon  
  54  4:53  Probe  
  54  4:54  Phoenix (Chrono Boost)  
  54  4:58  Phoenix (Chrono Boost)  
  59  5:05  Probe  
  60  5:15  Phoenix (Chrono Boost)  
  60  5:18  Probe  
  60  5:20  Phoenix (Chrono Boost)  
  65  5:29  Protoss Air Weapons Level 1  
  65  5:33  Phoenix  
  67  5:49  Phoenix  
  67  5:58  Phoenix  
  69  6:04  Stargate  
  65  6:19  Phoenix  
  65  6:23  Phoenix  
  69  6:39  Fleet Beacon  
  69  6:42  Stargate  
  69  7:42  Pylon  
  69  7:44  Pylon  
  69  7:45  Pylon  
  69  7:49  Pylon  
  69  7:51  Pylon  
  69  7:53  Pylon  
  69  7:55  Pylon  
  69  7:57  Pylon  
  69  8:00  Probe, Phoenix x3, Protoss Air Armor Level 1  
  69  8:02  Carrier, Pylon  
  82  8:07  Forge  
  82  8:20  Nexus  
  82  8:23  Pylon  
  82  8:25  Carrier  
  82  8:26  Pylon  
  86  8:35  Carrier  
  92  8:43  Nexus  
  92  8:45  Pylon  
  92  8:47  Pylon  
  92  8:54  Nexus  
  92  8:57  Pylon  
  92  8:59  Pylon  
  92  9:26  Photon Cannon  
  92  9:29  Photon Cannon  
  92  9:32  Photon Cannon  
  92  9:35  Carrier  
  98  9:47  Probe, Photon Cannon  
  98  9:50  Photon Cannon  
  98  9:52  Photon Cannon  
  99  9:59  Probe, Photon Cannon  
  100  10:01  Photon Cannon, Protoss Air Weapons Level 2  
  100  10:04  Photon Cannon  
  100  10:07  Photon Cannon  
  100  10:18  Carrier  
  100  10:19  Carrier  
  100  10:20  Probe  
  113  10:21  Probe  
  113  10:22  Probe  
  115  10:32  Probe  
  116  10:40  Mothership (Chrono Boost)  
  114  10:43  Probe  
  114  10:44  Probe x2  
  125  10:53  Gateway  
  125  10:56  Probe x2  
  125  10:57  Probe, Gateway  
  128  11:00  Zealot  
  130  11:06  Tempest  
  130  11:08  Probe x2  
  137  11:18  Tempest  
  142  11:28  Zealot  
  142  11:30  Probe (Chrono Boost)  
  142  11:31  Probe x2 (Chrono Boost)  
  147  11:39  Probe x3  
  150  11:51  Probe x3  
  153  12:00  Tempest x2  
  163  12:03  Probe x3  
  163  12:07  Tempest  
  172  12:15  Probe x2  
  172  12:16  Probe  
  172  12:18  Assimilator  
  172  12:22  Assimilator  
  174  12:24  Assimilator  
  174  12:27  Probe, Assimilator  
  174  12:28  Probe x2, Assimilator  
  177  12:31  Assimilator  
  177  12:39  Probe  
  177  12:40  Probe x2  
  180  12:52  Probe x3  
  180  12:56  Tempest x2  
  180  12:57  Tempest  
  198  12:59  Zealot  
  198  13:04  Pylon  
  200  13:08  Pylon  
  200  13:10  Pylon  
  200  13:12  Pylon  
  200  13:20  Robotics Facility  
Tags
 
Add a new tag
Caveats
  • Supply blocks, unpowered buildings, or Contaminate may cause inaccurate times.
  • Supply counts are checked every 10 seconds.